 Dungeon Crawl Stone Soup version 0.25.1-2-g60ff931df9 (webtiles) character file.

Game seed: 11533287605304831793

508 JarielCorvus the Thaumaturge (level 6, -8/32 HPs)
             Began as a Deep Elf Wizard on Aug 27, 2020.
             Mangled by an iguana (13 damage)
             ... on level 5 of the Dungeon.
             The game lasted 00:10:10 (4667 turns).

JarielCorvus the Thaumaturge (Deep Elf Wizard)      Turns: 4667, Time: 00:10:12

Health: -8/32      AC:  2    Str:  6    XL:     6   Next: 98%
Magic:  3/20       EV: 13    Int: 23    God:
Gold:   225        SH:  0    Dex: 13    Spells: 10/23 levels left

rFire    . . .     SeeInvis .   t - staff of cold
rCold    + + .     Gourm    .   (no shield)
rNeg     . . .     Faith    .   a - +0 robe
rPois    .         Spirit   .   b - +0 hat
rElec    .         Reflect  .   (no cloak)
rCorr    .         Harm     .   (no gloves)
MR       .....                  (no boots)
Stlth    ++........             i - amulet of regeneration
HPRegen  0.50/turn              n - ring of protection from cold
MPRegen  0.17/turn              (no ring)

@: no status effects
A: no striking features
a: no special abilities


You were on level 5 of the Dungeon.
You were not hungry.

You visited 1 branch of the dungeon, and saw 5 of its levels.

You collected 225 gold pieces.

Inventory:

Hand Weapons
 k - a +0 dagger of electrocution
 q - a +0 vampiric hand axe
Armour
 a - a +0 robe (worn)
 b - a +0 hat (worn)
Magical Staves
 t - an uncursed staff of cold (weapon)
Jewellery
 f - a cursed ring of teleportation
 i - an amulet of regeneration (around neck)
 n - a ring of protection from cold (left hand)
 x - an uncursed amulet of faith {unknown}
Wands
 s - a wand of disintegration (8)
Scrolls
 g - a scroll of teleportation
 l - a scroll of remove curse
 v - a scroll of fear {unknown}
Potions
 c - a potion of mutation {unknown}
 e - 5 potions of curing
 h - a potion of magic {unknown}
 j - 2 potions of heal wounds
 m - a potion of brilliance {unknown}
 o - a potion of resistance {unknown}
 p - a potion of degeneration {unknown}
 r - a potion of flight {unknown}
Comestibles
 d - 7 rations
 u - a chunk of flesh


   Skills:
 - Level 2.4 Dodging
 - Level 2.4 Stealth
 * Level 9.1 Spellcasting
 + Level 4.6 Conjurations
 - Level 1.1 Summonings
 - Level 1.1 Translocations


You had 10 spell levels left.
You knew the following spells:

 Your Spells              Type           Power        Failure   Level  Hunger
a - Magic Dart            Conj           ####         1%          1    None
b - Blink                 Tloc           N/A          6%          2    None
c - Call Imp              Summ           ###.....     6%          2    None
d - Slow                  Hex            ##......     10%         2    None
e - Conjure Flame         Conj/Fire      ###.....     8%          3    None
f - Mephitic Cloud        Conj/Pois/Air  ###.....     10%         3    None

Your spell library contained the following spells:

 Spells                   Type           Power        Failure   Level  Hunger


Dungeon Overview and Level Annotations

Branches:
Dungeon (5/15)
 Temple: D:4-7

Altars:
Dithmenos
Hepliaklqana
Kikubaaqudgha
Makhleb
Qazlal
Xom
Zin

Shops:
D:4 [


Message History

Casting: Magic Dart (safe; 1% risk of failure)
Confirm with . or Enter, or press ? or * to list all spells.
Aiming: Magic Dart (safe; 1% risk of failure)
Press: ? - help, Shift-Dir - straight line, f/p - orc
Aim: an orc, wielding a +0 dagger (almost dead)
The magic dart hits the orc.
You kill the orc!
The iguana bites you.
Deactivating autopickup; reactivate with Ctrl-A.
You barely miss something. The iguana barely misses you.
Something completely misses you.
An adder comes into view.
An orc comes into view. It is wielding a +0 flail.
The adder hisses angrily.
You hit something. The iguana bites you!
An orc comes into view. It is wielding a +0 club.
Something hits you!
* * * LOW HITPOINT WARNING * * *
The iguana bites you!
You die...

... #.. .## #.# $.#.. #.#
.####.o.. #.# .......#)#
## #.# ......>#.## ..##
#.# #.....##..####....#
##.####..#...###......#
........##..o.####.)###
......####...o.l@{...#
......#..........###.#
........##..(.รท..)...#
......###.............#
......# #.#..)##.......
......# #.#...........#.
#(........#######..##..(.
###..##### ..# ## ...#
..#


You could see an iguana and 2 orcs.

Vanquished Creatures
  A phantom (D:4)
  Blork the orc (D:4)
  A howler monkey (D:5)
  A hound (D:3)
  A bullfrog skeleton (D:4)
  An iguana (D:4)
  An orc wizard (D:5)
  3 worker ants (D:4)
  A hound skeleton (D:4)
  3 adders
  2 oozes
  An adder skeleton (D:4)
  2 worms
  A dart slug (D:1)
  4 leopard geckos
  6 orcs
  2 giant cockroaches
  6 goblins
  8 hobgoblins
  10 jackals
  5 kobolds
  A ball python (D:1)
  5 bats
  4 frilled lizards
  A leopard gecko skeleton (D:4)
  A quokka skeleton (D:4)
  3 rats
76 creatures vanquished.

Notes
Turn   | Place    | Note
-------+----------+-------------------------------------------
     0 | D:1      | JarielCorvus the Deep Elf Wizard began the quest for the
                  | Orb.
     0 | D:1      | Reached XP level 1. HP: 10/10 MP: 7/7
   243 | D:1      | Reached XP level 2. HP: 15/15 MP: 4/9
   288 | D:1      | Reached skill level 5 in Spellcasting
   519 | D:1      | Reached XP level 3. HP: 10/19 MP: 4/11
  1270 | D:2      | Learned a level 2 spell: Blink
  1273 | D:2      | Learned a level 2 spell: Call Imp
  1276 | D:2      | Learned a level 2 spell: Slow
  1280 | D:2      | Learned a level 3 spell: Conjure Flame
  1284 | D:2      | Learned a level 3 spell: Mephitic Cloud
  1297 | D:2      | Found a shimmering altar of Xom.
  1391 | D:2      | Found an ancient bone altar of Kikubaaqudgha.
  1669 | D:2      | Reached skill level 6 in Spellcasting
  2101 | D:2      | Found a stormy altar of Qazlal.
  2329 | D:3      | Found a burning altar of Makhleb.
  2337 | D:3      | Reached XP level 4. HP: 21/24 MP: 4/14
  2660 | D:3      | Found a hazy altar of Hepliaklqana.
  3275 | D:4      | Reached skill level 7 in Spellcasting
  3275 | D:4      | Reached XP level 5. HP: 15/28 MP: 0/16
  3460 | D:4      | Found a glowing silver altar of Zin.
  3572 | D:4      | Noticed Blork the orc
  3589 | D:4      | Killed Blork the orc
  3916 | D:4      | Found Loucw's Antique Armour Shop.
  3967 | D:4      | Reached skill level 8 in Spellcasting
  3967 | D:4      | Reached XP level 6. HP: 28/32 MP: 11/19
  4192 | D:4      | Found a shadowy altar of Dithmenos.
  4544 | D:5      | Entered Level 5 of the Dungeon
  4562 | D:5      | Reached skill level 9 in Spellcasting
  4667 | D:5      | Mangled by an iguana

Illustrated notes

Levels and vault maps discovered:
D:1:      dpeg_arrival_three_bigger_balls, layout_basic, due_unseen_surprise
D:2:      layout_basic, nicolae_overflow_hidden_temple, lemuel_round_altar,
          lemuel_round_altar, first_ration, st_stairs_11
D:3:      layout_loops_ring, old_standard_altar, serial_forest,
          infiniplex_forest_clump_cross, infiniplex_forest_lined_4_way,
          infiniplex_forest_lined_3, infiniplex_forest_lined_3,
          infiniplex_forest_corner_2, infiniplex_forest_zigzag_2,
          infiniplex_forest_end_double, infiniplex_forest_lined_corner,
          infiniplex_forest_straight_4, makhleb_blood_cavern_becter
D:4:      layout_basic, zin_statuary, serial_shops, kennysheep_mini,
          grunt_dithmenos_shadows, uniq_blork_the_orc
D:5:      layout_rooms, kennysheep_little_box, kennysheep_slug_shrine,
          overflow_temple_1_default, roderic_lattice_a

Skill      XL: |  1  2  3  4  5  6 |
---------------+-------------------+-----
Spellcasting   | 5 6 7 8 9 |  9.1
Conjurations   | 2 3 4 |  4.6
Dodging        | |  2.4
Stealth        | |  2.4
Summonings     | |  1.1
Translocations | |  1.1

Action                   |  1- 3 |  4- 6 || total
-------------------------+-------+-------++-------
Melee: Dagger            |    21 |     4 ||    25
       Staff             |       |    26 ||    26
 Cast: Magic Dart        |    87 |   142 ||   229
       Mephitic Cloud    |       |     4 ||     4
       Conjure Flame     |       |     1 ||     1
  Use: Scroll            |     4 |     4 ||     8
       Potion            |       |     3 ||     3
  Eat: Chunk             |     3 |     5 ||     8
       Ration            |     1 |       ||     1
Armor: Robe              |     4 |     5 ||     9
Dodge: Dodged            |    29 |    34 ||    63
